 Dungeon Crawl Stone Soup version 0.30-a0-782-ge64f9170bb (webtiles) character file.

Game seed: 11766140917644783496

93 Leeroy the Slasher (level 4, -1/35 HPs)
             Began as a Merfolk Monk on Feb 26, 2023.
             Slain by a hobgoblin (5 damage)
             ... led by Robin
             ... on level 3 of the Dungeon.
             The game lasted 00:02:45 (1994 turns).

Leeroy the Slasher (Merfolk Monk)                   Turns: 1994, Time: 00:02:46

Health: -1/35      AC:  2    Str: 11    XL:     4   Next: 62%
Magic:  4/4        EV: 15    Int:  9    God:
Gold:   55         SH:  0    Dex: 24    Spells: 3/3 levels left

rFire   . . .      SeeInvis .    a - +0 falchion
rCold   . . .      Faith    .    (no shield)
rNeg    . . .      Spirit   .    b - +0 robe
rPois   .          Reflect  .    (no helmet)
rElec   .          Harm     .    (no cloak)
rCorr   .          Rampage  .    (no gloves)
Will    .....                    (no boots)
Stlth   +++                      (no amulet)
HPRegen 0.25/turn                t - +4 ring of slaying
MPRegen 0.09/turn                j - +6 ring of dexterity

@: no status effects
A: (nimble swimmer 2), mertail
a: no special abilities


You were on level 3 of the Dungeon.
You visited 1 branch of the dungeon, and saw 3 of its levels.

You collected 55 gold pieces.

Inventory:

Hand Weapons
 a - a +0 falchion (weapon)
 p - the +1 quarterstaff of Destiny {venom, Int+3}
   (You found it on level 2 of the Dungeon)

   Int:       It affects your intelligence (+3).
Missiles
 l - 6 poisoned darts (quivered)
Armour
 b - a +0 robe (worn)
Jewellery
 e - a ring of ice
 j - a +6 ring of dexterity (right hand)
 s - a +6 ring of strength
 t - a +4 ring of slaying (left hand)
Scrolls
 d - 3 scrolls of vulnerability {unknown}
 f - a scroll of teleportation {unknown}
 i - a scroll of brand weapon {unknown}
 k - a scroll of identify {unknown}
 n - 2 scrolls of enchant weapon {unknown}
Potions
 c - a potion of ambrosia
 g - a potion of might {unknown}
 h - a potion of berserk rage {unknown}
 m - a potion of lignification {unknown}
 o - a potion of attraction {unknown}
 q - 2 potions of curing {unknown}
 r - a potion of haste {unknown}


   Skills:
 - Level 3.2 Fighting
 + Level 6.3 Long Blades
 - Level 4.0 Dodging
 - Level 2.1 Stealth


You had 3 spell levels left.
You didn't know any spells.
Your spell library was empty.

Dungeon Overview and Level Annotations

Branches:
Dungeon (3/15)

Altars:
Dithmenos

Shops:
D:1 *


Innate Abilities, Weirdness & Mutations

((You are very nimble when in or above water. (Stealth+, EV+, Speed+++)))
Your lower body shifts to a powerful aquatic tail in water.


Message History

You hit the goblin but do no damage. The goblin misses you.
You slash the goblin!
You kill the goblin!
You slash the goblin!
You kill the goblin!
A hobgoblin comes into view.
The goblin barely misses you.
Items here: )) ††.
You closely miss the goblin.
An orc comes into view. It is wielding a +0 hand axe.
The goblin misses you.
The hobgoblin shouts!
The orc shouts!
You slash the goblin!
You kill the goblin!
You barely miss the goblin. The goblin hits you with a +0 club.
You slash the goblin!
You kill the goblin!
An orc priest comes into view. It is wielding a +0 whip.
The orc priest shouts!
You hit the goblin.
You kill the goblin!
The goblin hits you with a +0 dagger.
Items here: ))) ††.
You closely miss the goblin.
The orc priest mumbles some strange prayers to Beogh against you.
Beogh smites you! The goblin closely misses you.
You completely miss the goblin.
An orc comes into view. It is wielding a +0 hand axe.
The goblin hits you with a +0 dagger.
The orc shouts!
You slash the goblin!
You kill the goblin!
You hear a shout!
The orc priest calls down the wrath of Beogh upon you.
Beogh smites you!
* * * LOW HITPOINT WARNING * * *
You hit the hobgoblin.
The hobgoblin is heavily wounded.
The hobgoblin hits you.
You die...

.. #.# #.#
#.#.. ## #.#
#.# #.... #.#
#.# #.### #.#
#.###.# ##.#
#.#>..# #.)#
#.#.### #)##
#.#.# #)# #...#
#@# ##..# #g#
#..# #o# #..#
##.####)#######
#..# .......#
#.# . #..# ..
.....


You could see an orc priest, 2 orcs and a hobgoblin.

Vanquished Creatures
  Robin (D:3)
  2 worms (D:2)
  A dart slug (D:2)
  6 orcs
  8 ball pythons
  4 endoplasms
  A giant cockroach (D:2)
  16 goblins
  4 hobgoblins
  5 quokkas
  3 bats
  2 frilled lizards (D:2)
  4 kobolds
  3 rats
60 creatures vanquished.

Notes
Turn   | Place    | Note
-------+----------+-------------------------------------------
     0 | D:1      | Leeroy the Merfolk Monk began the quest for the Orb.
     0 | D:1      | Reached XP level 1. HP: 18/18 MP: 1/1
    41 | D:1      | Reached skill level 4 in Long Blades
    87 | D:1      | Reached XP level 2. HP: 16/24 MP: 2/2
   128 | D:1      | Found Xokhleodi's Assorted Antiques.
   897 | D:2      | Reached skill level 5 in Long Blades
   897 | D:2      | Reached XP level 3. HP: 29/29 MP: 3/3
  1173 | D:2      | Identified the +1 quarterstaff of Destiny {venom, Int+3}
  1487 | D:2      | Found a shadowy altar of Dithmenos.
  1796 | D:3      | Reached XP level 4. HP: 29/35 MP: 4/4
  1955 | D:3      | Noticed Robin
  1962 | D:3      | Reached skill level 6 in Long Blades
  1978 | D:3      | Killed Robin
  1994 | D:3      | Slain by a hobgoblin

Illustrated notes

Levels and vault maps discovered:
D:1:      mrwooster_arrival_arrow, layout_basic, serial_shops,
          nicolae_shop_behind_doors
D:2:      layout_basic, basic_altar, grunt_ministairs_6, st_stairs_13,
          minmay_split_cup_small
D:3:      layout_loops_ring, serial_shops, nicolae_square_shop,
          minmay_misc_feat_iff, wander_ebering_terrifying_dragon_lair,
          uniq_robin

Skill      XL: |  1  2  3  4 |
---------------+-------------+-----
Long Blades    | 4 5 6 |  6.3
Fighting       | |  3.2
Dodging        | |  4.0
Stealth        | |  2.1

Action                     |  1- 3 |  4- 6 || total
---------------------------+-------+-------++-------
  Melee: Falchion          |   143 |    41 ||   184
         Punch             |     2 |       ||     2
   Stab: Sleeping          |     5 |     1 ||     6
 Armour: Robe              |    21 |     3 ||    24
  Dodge: Dodged            |   121 |    17 ||   138

Table legend: (Time is in decaauts)
 A = Elapsed time spent in this place.
 B = Non-inter-level travel time spent in this place.
 C = Inter-level travel time spent in this place.
 D = Time resting spent in this place.
 E = Time spent auto-exploring this place.
 F = Levels seen in this place.
 G = Mean time per level.
                   A        B        C        D        E       F      G
               +--------+--------+--------+--------+--------+-----+--------+
         Total |   1999 |   1912 |     87 |    100 |   1376 |   3 |  666.3 |
       Dungeon |   1999 |   1912 |     87 |    100 |   1376 |   3 |  666.3 |
               +--------+--------+--------+--------+--------+-----+--------+

Top non-repeatable levels by time:
     D:1: 892 daAuts
     D:2: 877 daAuts
     D:3: 230 daAuts
